 Dungeon Crawl Stone Soup version 0.29.0-11-gd7f09526c8 (webtiles) character file.

Game seed: 28873239977604554

2853 mtoz the Arsonist (level 9, -1/68 HPs)
             Began as a Gnoll Wanderer on Sept 5, 2022.
             Was an Initiate of Gozag.
             Slain by an orc warrior
             ... wielding a +0 long sword
              (9 damage)
             ... on level 7 of the Dungeon.
             The game lasted 01:18:12 (9973 turns).

mtoz the Arsonist (Gnoll Wanderer)                  Turns: 9973, Time: 01:18:13

Health: -1/68      AC: 10    Str: 14    XL:     9   Next: 75%
Magic:  0/17       EV: 14    Int: 11    God:    Gozag
Gold:   140        SH:  5    Dex: 14    Spells: 14/19 levels left

rFire   . . .      SeeInvis .   g - +2 hand axe (flame)
rCold   . . .      Faith    .   (no shield)
rNeg    . . .      Spirit   .   l - +0 robe
rPois   +          Reflect  +   (no helmet)
rElec   .          Harm     .   c - +1 cloak {rPois}
rCorr   .          Rampage  .   w - +1 pair of gloves
Will    .....                   f - +2 pair of boots
Stlth   +++.......              s - amulet of reflection
HPRegen 0.21/turn               (no ring)
MPRegen 0.15/turn               (no ring)

@: gold aura
A: fangs 1, strong nose, distributed training
a: Renounce Religion, Potion Petition, Call Merchant, Bribe Branch


You were on level 7 of the Dungeon.
You worshipped Gozag.
Gozag was aware of your devotion.
You visited 2 branches of the dungeon, and saw 8 of its levels.

You collected 403 gold pieces.
You spent 149 gold pieces at shops.
You paid 114 gold pieces to Gozag.

Inventory:

Hand Weapons
 a - a +0 dagger
 b - a +4 quarterstaff of chaos
 d - the +6 hammer "Ownyklol" {speed, rPois Will+ Int+2 Dex-3}
   (You found it on level 6 of the Dungeon)

   Attacks with this weapon are significantly faster.
   Int:       It affects your intelligence (+2).
   Dex:       It affects your dexterity (-3).
   rPois:     It protects you from poison.
   Will:      It increases your willpower.
 g - a +2 hand axe of flaming (weapon)
 h - a +0 short sword
 u - a +0 rapier of protection
 A - a +1 vorpal mace
Missiles
 o - 17 poisoned darts
 y - 2 throwing nets
Armour
 c - a +1 cloak of poison resistance (worn)
 f - a +2 pair of boots (worn)
 j - a +3 leather armour of fire resistance
 l - a +0 robe (worn)
 w - a +1 pair of gloves (worn)
 C - a +1 cloak
Jewellery
 s - an amulet of reflection (around neck)
Scrolls
 i - 2 scrolls of vulnerability
 p - a scroll of immolation
 q - a scroll of teleportation {unknown}
Potions
 e - a potion of magic
 k - 2 potions of invisibility
 m - a potion of resistance
 n - a potion of brilliance
 t - 4 potions of attraction
 v - a potion of cancellation
 B - a potion of ambrosia
 D - 2 potions of lignification {unknown}


   Skills:
 + Level 5.4 Fighting
 + Level 4.7 Short Blades
 + Level 4.7 Long Blades
 + Level 4.7 Axes
 + Level 4.7 Maces & Flails
 + Level 4.7 Polearms
 + Level 4.7 Staves
 + Level 4.7 Ranged Weapons
 + Level 4.7 Throwing
 + Level 4.7 Armour
 + Level 5.4 Dodging
 + Level 4.7 Stealth
 + Level 4.7 Shields
 + Level 4.7 Unarmed Combat
 + Level 5.5 Spellcasting
 + Level 3.9 Conjurations
 + Level 4.5 Hexes
 + Level 3.9 Summonings
 + Level 3.9 Necromancy
 + Level 3.9 Translocations
 + Level 3.9 Transmutations
 + Level 9.6 Fire Magic
 + Level 3.9 Ice Magic
 + Level 3.9 Air Magic
 + Level 3.9 Earth Magic
 + Level 3.9 Poison Magic
 + Level 5.2 Invocations
 + Level 5.4 Evocations


You had 14 spell levels left.
You knew the following spells:

 Your Spells              Type           Power      Damage    Failure   Level
a - Foxfire               Conj/Fire      72%        2x1d7     1%          1
b - Blink                 Tloc           22%        N/A       6%          2
c - Scorch                Fire           48%        2d7       1%          2

Your spell library contained the following spells:

 Spells                   Type           Power      Damage    Failure   Level
 Slow                     Hex            52%        N/A       3%          1
 Poisonous Vapours        Pois/Air       22%        N/A       6%          2
 Dazzling Flash           Conj/Hex       24%        N/A       11%         3
 Gell's Gravitas          Tloc           11%        N/A       12%         3
 Lesser Beckoning         Tloc           11%        N/A       12%         3
 Teleport Other           Tloc           11%        N/A       12%         3
 Sticky Flame             Conj/Fire      18%        2d4       12%         4
 Manifold Assault         Tloc           11%        N/A       75%         5
 Dispersal                Tloc           5%         N/A       99%         6
 Corpse Rot               Necr/Pois/Air  Unusable   N/A       N/A         4

Dungeon Overview and Level Annotations

Branches:
Dungeon (7/15)             Temple (1/1) D:6

Altars:
Ashenzari
Dithmenos
Elyvilon
Fedhas
Gozag
Kikubaaqudgha
Makhleb
Nemelex Xobeh
Okawaru
Ru
Uskayaw
Wu Jian
Xom
Yredelemnul

Shops:
D:4 (   D:5 ?


Innate Abilities, Weirdness & Mutations

You have very sharp teeth.
Your uncanny sense of smell can sniff out nearby items.
Your experience applies equally to all skills.


Message History

You aren't carrying any items that you can evoke.
Casting: Foxfire (safe; 1% risk of failure)
Confirm with . or Enter, or press ? or * to list all spells.
You blink.
The foxfire hits the orc warrior!
The orc warrior is burned terribly!
The orc warrior is almost dead.
The foxfire hits the orc warrior.
The orc warrior is almost dead.
Casting: Blink (safe; 6% risk of failure)
Confirm with . or Enter, or press ? or * to list all spells.
You don't have enough magic to cast this spell.
Casting: Blink (safe; 6% risk of failure)
Confirm with . or Enter, or press ? or * to list all spells.
You conjure some foxfire!
Okay, then.
The foxfire hits the orc warrior but does no damage.
The orc warrior is almost dead.
The foxfire hits the orc warrior.
The orc warrior is burned terribly!
The orc warrior is almost dead.
The orc wizard gestures wildly while chanting.
The orc wizard flickers and vanishes!
Deactivating autopickup; reactivate with Ctrl-A.
Casting: Foxfire (safe; 1% risk of failure)
Confirm with . or Enter, or press ? or * to list all spells.
You conjure some foxfire!
The orc attacks as you move away! The orc hits you but does no damage.
The orc warrior attacks as you move away!
The orc warrior hits you with a +0 long sword.
* * * LOW HITPOINT WARNING * * *
The foxfire hits the orc warrior but does no damage.
The orc warrior is almost dead.
The foxfire hits the orc warrior but does no damage.
The orc warrior is almost dead.
Okay, then.
You feel stable enough to blink again.
There is an open door here.
The orc warrior attacks as you move away!
The orc warrior hits you with a +0 long sword!
You die...
Your body crumbles into a pile of gold.

##.......## #...####
#......$..###.#..#####
+.........'...........
#.........####...#####
##.......## ##.##
##.....## #.# ##{o.##
#.# ##o## #.# #@# #.#
#.......# ..#
#.#####.# ... ...
..... ##.#. #.#.#


You could see an orc warrior (combustible) and an orc.

Vanquished Creatures
  Prince Ribbit (D:6)
  Grinder (D:4)
  Sigmund (D:3)
  A shadow (D:7)
  Eustachio (D:6)
  Menkaure (D:6)
  2 water moccasins
  A sky beast (D:7)
  2 black bears (D:6)
  An ice beast (D:5)
  A centaur (D:6)
  A phantom (D:6)
  A bullfrog (D:6)
  Blork the orc (D:5)
  A necrophage (D:6)
  4 scorpions
  5 wights (D:6)
  A gnoll bouda (D:6)
  3 hounds
  A jelly (D:5)
  Crazy Yiuf (D:6)
  2 iguanas
  An orc wizard (D:5)
  9 gnolls
  2 adders
  A shadow imp (D:6)
  2 ufetubi (D:5)
  3 worms
  11 orcs
  9 ball pythons
  4 bats
  5 endoplasms
  3 giant cockroaches
  4 goblins
  2 hobgoblins
  3 jackals (D:3)
  7 kobolds
  4 quokkas
  8 frilled lizards
  5 rats
  A spectral hobgoblin (D:1)
118 creatures vanquished.

Vanquished Creatures (others)
  532 foxfires
532 creatures vanquished.

Grand Total: 650 creatures vanquished

Notes
Turn   | Place    | Note
-------+----------+-------------------------------------------
     0 | D:1      | mtoz the Gnoll Wanderer began the quest for the Orb.
     0 | D:1      | mtoz set off with the following items: a +0 dagger, a
                  | potion of haste, a +0 leather armour, a +0 cloak; and the
                  | following spells available to memorise: Scorch, Foxfire,
                  | Slow, Sticky Flame, Dazzling Flash.
     0 | D:1      | Reached XP level 1. HP: 17/17 MP: 4/4
     2 | D:1      | Learned a level 1 spell: Foxfire
   299 | D:1      | Reached XP level 2. HP: 23/23 MP: 1/5
   462 | D:1      | Found a faded altar of an unknown god.
   473 | D:1      | You fall into a shaft and drop 1 floor!
  1045 | D:1      | Learned a level 2 spell: Blink
  1497 | D:2      | Learned a level 2 spell: Scorch
  1513 | D:1      | Prayed at the altar of an unknown god.
  1513 | D:1      | Became a worshipper of Warmaster Okawaru
  1513 | D:1      | Reached * piety under Okawaru
  1913 | D:2      | Reached XP level 3. HP: 28/28 MP: 4/7
  2549 | D:3      | Reached skill level 1 in Invocations
  2640 | D:3      | Noticed Sigmund
  2671 | D:3      | Killed Sigmund
  2672 | D:3      | Reached skill level 1 in Short Blades
  2672 | D:3      | Reached skill level 1 in Long Blades
  2672 | D:3      | Reached skill level 1 in Axes
  2672 | D:3      | Reached skill level 1 in Maces & Flails
  2672 | D:3      | Reached skill level 1 in Polearms
  2672 | D:3      | Reached skill level 1 in Staves
  2672 | D:3      | Reached skill level 1 in Ranged Weapons
  2672 | D:3      | Reached skill level 1 in Throwing
  2672 | D:3      | Reached skill level 1 in Armour
  2672 | D:3      | Reached skill level 1 in Stealth
  2672 | D:3      | Reached skill level 1 in Shields
  2672 | D:3      | Reached skill level 1 in Unarmed Combat
  2672 | D:3      | Reached skill level 1 in Conjurations
  2672 | D:3      | Reached skill level 1 in Summonings
  2672 | D:3      | Reached skill level 1 in Necromancy
  2672 | D:3      | Reached skill level 1 in Translocations
  2672 | D:3      | Reached skill level 1 in Transmutations
  2672 | D:3      | Reached skill level 1 in Ice Magic
  2672 | D:3      | Reached skill level 1 in Air Magic
  2672 | D:3      | Reached skill level 1 in Earth Magic
  2672 | D:3      | Reached skill level 1 in Poison Magic
  2672 | D:3      | Reached XP level 4. HP: 23/35 MP: 2/8
  2672 | D:3      | Reached XP level 5. HP: 26/41 MP: 2/9
  3614 | D:3      | Found a faded altar of an unknown god.
  3776 | D:3      | Found a white marble altar of Elyvilon.
  4168 | D:4      | Reached XP level 6. HP: 15/47 MP: 1/11
  4727 | D:4      | Noticed Grinder
  4748 | D:4      | Killed Grinder
  4748 | D:4      | Reached ** piety under Okawaru
  4749 | D:4      | Reached skill level 9 in Fire Magic
  4749 | D:4      | Reached XP level 7. HP: 52/52 MP: 0/12
  4856 | D:4      | Found Juegius's Weapon Emporium.
  5146 | D:5      | Entered Level 5 of the Dungeon
  5842 | D:5      | Reached *** piety under Okawaru
  5843 | D:5      | Reached XP level 8. HP: 30/60 MP: 0/14
  6040 | D:5      | Noticed Blork the orc
  6051 | D:5      | Killed Blork the orc
  6229 | D:5      | Found Qiresuin's Magic Scroll Shoppe.
  6237 | D:5      | Bought a scroll of identify for 26 gold pieces
  6237 | D:5      | Bought a scroll of identify for 26 gold pieces
  6237 | D:5      | Bought a scroll of blinking for 97 gold pieces
  6308 | D:6      | Noticed Prince Ribbit
  6876 | D:6      | Killed Prince Ribbit
  7022 | D:6      | Found a runed translucent door.
  7023 | D:6      | Noticed Crazy Yiuf
  7071 | D:6      | Noticed Eustachio
  7095 | D:6      | Killed Eustachio
  7237 | D:6      | Reached XP level 9. HP: 54/66 MP: 12/16
  7316 | D:6      | Reached **** piety under Okawaru
  7454 | D:6      | Found a basalt altar of Yredelemnul.
  7499 | D:6      | Reached skill level 5 in Spellcasting
  7732 | D:6      | Reached skill level 5 in Fighting
  7732 | D:6      | Reached skill level 5 in Dodging
  7732 | D:6      | Reached skill level 5 in Evocations
  7802 | D:6      | Noticed Menkaure
  7891 | D:6      | HP: 1/68 [centaur/arrow (6)]
  8323 | D:6      | Killed Menkaure
  8460 | D:6      | Found a staircase to the Ecumenical Temple.
  9018 | D:6      | Killed Crazy Yiuf
  9023 | D:6      | Identified the +6 hammer "Ownyklol" {speed, rPois Will+
                  | Int+2 Dex-3}
  9288 | Temple   | Entered the Ecumenical Temple
  9300 | Temple   | Fell from the grace of Okawaru
  9300 | Temple   | Became a worshipper of Gozag Ym Sagoz the Greedy
  9428 | D:7      | Reached skill level 5 in Invocations
  9831 | D:7      | Noticed an orc knight
  9973 | D:7      | Slain by an orc warrior

Illustrated notes

Levels and vault maps discovered:
D:1:      mrwooster_arrival_statue_3, layout_basic,
          dreamdust_ecumenical_altar_drowned_temple
D:2:      layout_basic, kennysheep_generic_room_16
D:3:      layout_loops_corners, nicolae_overflow_ecumenical_swirl,
          minmay_joined_circles, uniq_sigmund
D:4:      layout_basic, serial_shops, nicolae_shop_hallway_stairs, uniq_grinder
D:5:      layout_gridville, serial_shops, nicolae_shop_crystal,
          uniq_blork_the_orc
D:6:      layout_loops_ring, lemuel_doored_altar, minmay_temple_entry_junction,
          uniq_prince_ribbit1, uniq_crazy_yiuf_cottage, uniq_menkaure,
          uniq_eustachio
D:7:      layout_loops_corners, chequers_ossuary_entry_cave, st_stairs_12,
          chequers_jeans
Temple:   compressed_dpeg_triangle_lava_temple

Skill      XL: |  1  2  3  4  5  6  7  8  9 |
---------------+----------------------------+-----
Hexes          | 2 3 4 |  4.5
Invocations    | 1 2 3 4 5 |  5.2
Fighting       | 3 4 5 |  5.4
Short Blades   | 1 2 3 4 |  4.7
Long Blades    | 1 2 3 4 |  4.7
Axes           | 1 2 3 4 |  4.7
Maces & Flails | 1 2 3 4 |  4.7
Polearms       | 1 2 3 4 |  4.7
Staves         | 1 2 3 4 |  4.7
Ranged Weapons | 1 2 3 4 |  4.7
Throwing       | 1 2 3 4 |  4.7
Armour         | 1 2 3 4 |  4.7
Dodging        | 3 4 5 |  5.4
Stealth        | 1 2 3 4 |  4.7
Shields        | 1 2 3 4 |  4.7
Unarmed Combat | 1 2 3 4 |  4.7
Spellcasting   | 3 4 5 |  5.5
Conjurations   | 1 2 3 |  3.9
Summonings     | 1 2 3 |  3.9
Necromancy     | 1 2 3 |  3.9
Translocations | 1 2 3 |  3.9
Transmutations | 1 2 3 |  3.9
Ice Magic      | 1 2 3 |  3.9
Air Magic      | 1 2 3 |  3.9
Earth Magic    | 1 2 3 |  3.9
Poison Magic   | 1 2 3 |  3.9
Evocations     | 3 4 5 |  5.4
Fire Magic     | 9 |  9.6

Action                   |  1- 3 |  4- 6 |  7- 9 || total
-------------------------+-------+-------+-------++-------
Melee: Dagger            |     1 |     8 |    13 ||    22
       Bite              |       |     2 |     6 ||     8
       Hand axe          |       |       |    12 ||    12
 Cast: Foxfire           |    59 |    77 |   198 ||   334
       Scorch            |     1 |     1 |    35 ||    37
       Blink             |       |       |     7 ||     7
Invok: Heroism           |     1 |     1 |     2 ||     4
       Finesse           |       |       |     1 ||     1
Evoke: Wand              |       |     1 |    13 ||    14
  Use: Scroll            |     5 |     1 |    20 ||    26
       Potion            |     3 |       |     5 ||     8
 Stab: Sleeping          |       |     1 |     1 ||     2
Armor: Leather armour    |     4 |       |       ||     4
       Robe              |     2 |     9 |    63 ||    74
Dodge: Dodged            |    14 |    40 |   194 ||   248
Block: Other             |       |     5 |    73 ||    78
